 Dungeon Crawl Stone Soup version 0.25-a0-786-g5b70d41e48 (webtiles) character file.

Game seed: 4904081594460670349, levelgen mode: deterministic

16270 KiliKikkendorf the Spear-Bearer (level 12, -1/88 HPs)
             Began as a Minotaur Gladiator on Apr 18, 2020.
             Was an Elder of Qazlal.
             Slain by an orange demon (6 damage)
             ... on level 2 of the Abyss.
             The game lasted 00:50:25 (9429 turns).

KiliKikkendorf the Spear-Bearer (MiGl)              Turns: 9429, Time: 00:50:26

Health: -1/88      AC: 20    Str: 19    XL:     12   Next: 8%
Magic:  0/10       EV:  8    Int:  3    God:    Qazlal [****..]
Gold:   848        SH:  5    Dex: 11    Spells: 11/11 levels left

rFire    + . .     SeeInvis .   r - +6 spear "Ezxuodiv" {protect, *Noise rC+ rN+}
rCold    + . .     Gourm    .   (no shield)
rNeg     + + .     Faith    .   A - +0 plate armour
rPois    .         Spirit   +   c - +2 hat
rElec    .         Reflect  .   B - +0 cloak
rCorr    .         Harm     .   (no gloves)
MR       .....                  (no boots)
Stlth    ..........             d - amulet of guardian spirit
HPRegen  0.24/turn              G - ring of positive energy
MPRegen  0.12/turn              (no ring)

@: berserk cooldown, flying (expiring), very slightly contaminated, slowed,
studying Fighting, repel missiles, very slow
A: retaliatory headbutt, horns 2, iridescent scales 1, [blurry vision 3],
[clumsy 1], [dopey 1], fire resistance 1, [frail 3], [low mp 1], sense
surroundings 1, robust 1, [screaming 2], [weak 2], evolution 1, [subdued magic
1]
a: Upheaval, Elemental Force, Renounce Religion


You were on level 2 of the Abyss.
You worshipped Qazlal.
Qazlal was greatly pleased with you.
You were not hungry.

You visited 3 branches of the dungeon, and saw 13 of its levels.
You visited the Abyss 1 time.
You also visited: Sewer.

You collected 848 gold pieces.

Inventory:

Hand Weapons
 a - a +0 trident
 j - a +1 spear of flaming
 r - the +6 spear "Ezxuodiv" (weapon) {protect, *Noise rC+ rN+}
   (You found it on level 4 of the Dungeon)

   It grants its wielder temporary protection when it strikes (+7 to AC).
   It protects you from cold.
   It protects you from negative energy.
   It may make noises in combat.
 C - a +2 battleaxe of flaming
Missiles
 x - a throwing net (quivered)
Armour
 c - a +2 hat (worn)
 o - a +0 leather armour of positive energy
 q - a +2 leather armour of cold resistance
 A - a +0 plate armour (worn)
 B - a +0 cloak (worn)
Jewellery
 d - an amulet of guardian spirit (around neck)
 s - the ring of the Tortoise {rElec rPois MR- Str+3 Int+6}
   (You found it on level 4 of the Dungeon)

   [ring of strength]

   It affects your strength (+3).
   It affects your intelligence (+6).
   It insulates you from electricity.
   It protects you from poison.
   It affects your resistance to hostile enchantments.
 w - an uncursed ring of fire
 G - a ring of positive energy (left hand)
 H - an uncursed ring of fire
 I - an uncursed amulet of harm
Wands
 u - a wand of polymorph (23)
 v - a wand of random effects (24)
 E - a wand of flame (15)
Scrolls
 b - 2 scrolls of amnesia
 g - 13 scrolls of identify
 k - 4 scrolls of remove curse
 n - a scroll of silence
 z - a scroll of blinking
 F - a scroll of enchant weapon
Potions
 m - 2 potions of mutation
 p - a potion of stabbing
 K - a potion of brilliance
Books
 D - a manual of Fighting
Miscellaneous
 y - a tin of tremorstones
 L - a phial of floods (inert)
Comestibles
 f - 18 rations


   Skills:
 + Level 11.6 Fighting
 + Level 13.8 Polearms
 - Level 2.2 Throwing
 + Level 11.4 Armour
 - Level 4.9 Dodging
 * Level 9.0 Unarmed Combat
 + Level 0.8 Invocations
 + Level 0.3 Evocations


You had 11 spell levels left.
You didn't know any spells.
Your spell library was empty.

Dungeon Overview and Level Annotations

Branches:
Dungeon (11/15)            Temple (1/1) D:5            Lair (1/6) D:10
    Orc (0/2) D:9           Sewer (visited)

Altars:
Ashenzari
Cheibriados
Dithmenos
Elyvilon
Fedhas
Gozag
Hepliaklqana
Kikubaaqudgha
Makhleb
Nemelex Xobeh
Okawaru
Qazlal
Ru
Sif Muna
Trog
Uskayaw
Vehumet
Wu Jian
Xom
Yredelemnul
Zin
The Shining One

Annotations:
Lair:1 Sonja


Innate Abilities, Weirdness & Mutations

You reflexively headbutt those who attack you in melee.
You have a pair of horns on your head.
You are partially covered in iridescent scales. (AC +2)
Your flesh is heat resistant. (rF+)
You passively map a small area around you.
You are robust. (+10% HP)
You evolve.
[Scrolls take you much longer to read.]
[You are clumsy. (Dex -2)]
[You are dopey. (Int -2)]
[You are extremely frail. (-30% HP)]
[Your magical capacity is low. (-10% MP)]
[You sometimes yell uncontrollably at your foes.]
[You are very weak. (Str -4)]
[Your spells are a little easier to cast, but a little less powerful.]


Message History

The purple ugly thing tentacle-slaps you but does no damage.
You block the orange demon's attack.
The purple ugly thing tentacle-slaps you.
* * * LOW HITPOINT WARNING * * *
You begin reading the scroll.
You continue reading the scroll.
You block the orange demon's attack.
Tentacles burst from the starspawn's body!
The purple ugly thing tentacle-slaps you but does no damage.
You block the orange demon's attack.
You continue reading the scroll.
Your resistance to elements expires.
The purple ugly thing tentacle-slaps you but does no damage.
You block the orange demon's attack.
You block the purple ugly thing's attack.
Blink to where?
Press: ? - help, Dir - move target cursor
As you read the scroll of blinking, it crumbles to dust.
Your attacks no longer feel as feeble.
The orange demon closely misses you. The orange demon stings you from afar!
You die...

. . . #. . #
# # ### . #
.. # .## #.
####. ... .
#§# #..## .
##u#####...
. # .
#u#4..#..
##u
uwX#.X#.# .
.
..#w#.##@.#
u## . ## ##.
#..§.# ..
/.#..○.#
....#.##.###
#..# #. .. .
#. #.. . #.
##


You could see a purple ugly thing, an orange demon and a large abomination.

Vanquished Creatures
  2 very ugly things (Abyss:2)
  A hydra (D:11)
  Harold (D:7)
  Urug (D:11)
  A wretched star (Abyss:2)
  A cyclops (D:11)
  A centaur zombie (D:11)
  2 ugly things
  Maurice (D:9)
  A komodo dragon (Lair:1)
  A troll (D:10)
  Grinder (D:5)
  2 hippogriffs (D:8)
  A wyvern (D:9)
  14 yaks
  Eustachio (D:5)
  2 golden eyes (Abyss:2)
  A basilisk (D:10)
  2 hungry ghosts
  A large abomination (Abyss:2)
  Edmund (D:4)
  The ghost of Maedhros the Sneak, an amateur OpAr (D:5)
  Menkaure (D:6)
  A water moccasin (D:9)
  3 porcupines (D:10)
  A swamp drake (D:9)
  2 ice beasts
  6 orc warriors
  2 sky beasts
  5 ogres
  4 centaurs
  5 crocodiles
  A big kobold (Sewer)
  Blork the orc (D:5)
  A gnoll sergeant (D:6)
  5 bullfrogs
  2 scorpions
  A wyvern skeleton (D:7)
  6 killer bees
  3 howler monkeys
  3 crimson imps
  A bullfrog zombie (D:7)
  4 jellies
  9 orc priests
  2 bullfrog skeletons
  7 hounds
  8 orc wizards
  4 iguanas
  2 small abominations (Abyss:2)
  6 worker ants
  2 hound zombies
  2 hound skeletons
  Robin (D:4)
  14 gnolls
  11 adders
  A river rat (Sewer)
  2 shadow imps (D:6)
  A white imp (Abyss:2)
  2 oozes
  2 adder zombies
  2 worms (D:2)
  2 dart slugs (D:1)
  4 leopard geckos
  38 orcs
  5 giant cockroaches
  5 hobgoblins
  13 jackals
  5 quokkas
  3 ball pythons
  9 bats
  5 frilled lizards
  13 goblins
  8 kobolds
  9 rats
  A plant (D:1)
296 creatures vanquished.

Vanquished Creatures (others)
  A lurking horror (Abyss:2)
  4 starspawn tentacles (Abyss:2)
5 creatures vanquished.

Grand Total: 301 creatures vanquished

Notes
Turn   | Place    | Note
-------+----------+-------------------------------------------
     0 | D:1      | KiliKikkendorf the Minotaur Gladiator began the quest for
                  | the Orb.
     0 | D:1      | Reached XP level 1. HP: 18/18 MP: 0/0
   211 | D:1      | Reached XP level 2. HP: 25/25 MP: 1/1
   260 | D:1      | Reached skill level 4 in Polearms
   612 | D:2      | Found a sacrificial altar of Ru.
   793 | D:2      | Reached XP level 3. HP: 27/30 MP: 2/2
  1513 | D:3      | Found an opulent altar of Gozag.
  1553 | D:3      | Reached XP level 4. HP: 30/37 MP: 3/3
  1563 | D:3      | Reached skill level 5 in Polearms
  1563 | D:3      | Reached skill level 1 in Armour
  2003 | D:3      | Reached XP level 5. HP: 40/45 MP: 4/4
  2173 | D:3      | Found a basalt altar of Yredelemnul.
  2302 | D:4      | Got a smoking spear
  2303 | D:4      | Identified the +6 spear "Ezxuodiv" {protect, *Noise rC+
                  | rN+} (You found it on level 4 of the Dungeon)
  2307 | D:4      | Reached skill level 6 in Polearms
  2312 | D:4      | Noticed Edmund
  2329 | D:4      | Killed Edmund
  2329 | D:4      | Reached XP level 6. HP: 45/52 MP: 5/5
  2526 | D:4      | Got an ancient platinum ring
  2527 | D:4      | Identified the ring of the Tortoise {rElec rPois MR- Str+3
                  | Int+6} (You found it on level 4 of the Dungeon)
  2528 | D:4      | Gained mutation: You evolve. [potion of mutation]
  2528 | D:4      | Gained mutation: You are partially covered in iridescent
                  | scales. (AC +2) [potion of mutation]
  2528 | D:4      | Gained mutation: Your flesh is heat resistant. (rF+)
                  | [potion of mutation]
  2577 | D:4      | Noticed Robin
  2580 | D:4      | Reached skill level 7 in Polearms
  2598 | D:4      | Killed Robin
  2646 | D:4      | Reached XP level 7. HP: 60/60 MP: 6/6
  2809 | D:5      | Entered Level 5 of the Dungeon
  2869 | D:5      | Found a runed translucent gate.
  2880 | D:5      | Reached skill level 1 in Unarmed Combat
  2885 | D:5      | Found a runed translucent gate.
  2886 | D:5      | Found a runed translucent gate.
  2887 | D:5      | Noticed Maedhros's ghost (amateur OpAr)
  2975 | D:5      | Noticed Blork the orc
  2982 | D:5      | Killed Blork the orc
  2982 | D:5      | Reached skill level 8 in Polearms
  3004 | D:5      | Found a staircase to the Ecumenical Temple.
  3010 | Temple   | Entered the Ecumenical Temple
  3086 | Temple   | Became a worshipper of Qazlal Stormbringer
  3090 | Temple   | Gained mutation: You are robust. (+10% HP) [evolution]
  3192 | D:5      | Noticed Grinder
  3205 | D:5      | Killed Grinder
  3205 | D:5      | Reached skill level 5 in Fighting
  3205 | D:5      | Reached XP level 8. HP: 63/74 MP: 7/7
  3226 | D:5      | Noticed Eustachio
  3245 | D:5      | Killed Eustachio
  3420 | D:5      | Reached skill level 9 in Polearms
  3525 | D:5      | Found an ornate altar of the Wu Jian Council.
  3761 | D:5      | Killed Maedhros's ghost
  4034 | D:6      | Reached skill level 10 in Polearms
  4177 | D:6      | Noticed Menkaure
  4182 | D:6      | Killed Menkaure
  4267 | D:6      | Found a glowing drain.
  4272 | Sewer    | Entered a sewer
  4278 | Sewer    | Reached * piety under Qazlal
  4425 | Sewer    | Found a white marble altar of Elyvilon.
  4588 | D:6      | Reached XP level 9. HP: 81/82 MP: 8/8
  4590 | D:6      | Reached skill level 5 in Armour
  5138 | D:7      | Reached ** piety under Qazlal
  5170 | D:7      | Noticed Harold
  5193 | D:7      | Killed Harold
  5193 | D:7      | Reached skill level 11 in Polearms
  5193 | D:7      | Reached skill level 5 in Unarmed Combat
  5808 | D:8      | Found a hide-covered altar of Uskayaw.
  5898 | D:8      | Noticed a +0 hand axe
  5902 | D:8      | Noticed a +0 dagger
  5968 | D:8      | Reached XP level 10. HP: 82/94 MP: 9/9
  6165 | D:9      | Gained mutation: You passively map a small area around you.
                  | [evolution]
  6228 | D:9      | Reached skill level 12 in Polearms
  6329 | D:9      | Found a white marble altar of Elyvilon.
  6329 | D:9      | Found a sparkling altar of Nemelex Xobeh.
  6339 | D:9      | Reached *** piety under Qazlal
  6893 | D:9      | Found a staircase to the Orcish Mines.
  7056 | D:9      | Found a glowing silver altar of Zin.
  7098 | D:9      | Noticed Maurice
  7114 | D:9      | Killed Maurice
  7264 | D:10     | Entered Level 10 of the Dungeon
  7370 | D:10     | Found a staircase to the Lair.
  7523 | D:10     | Reached **** piety under Qazlal
  7614 | D:10     | Reached skill level 13 in Polearms
  7899 | D:9      | Reached XP level 11. HP: 92/106 MP: 7/10
  8479 | D:11     | Noticed Urug
  8495 | D:11     | Killed Urug
  8615 | D:11     | Reached skill level 10 in Fighting
  8615 | D:11     | Reached skill level 10 in Armour
  8694 | D:11     | Noticed a six-headed hydra
  8698 | D:11     | Noticed a cyan ugly thing
  8711 | D:11     | Killed a six-headed hydra
  8726 | D:11     | Killed a cyan ugly thing
  8831 | D:11     | Found a shimmering altar of Xom.
  9098 | Lair:1   | Entered Level 1 of the Lair of Beasts
  9136 | Lair:1   | Noticed Sonja
  9147 | Lair:1   | Cast into level 2 of the Abyss (Sonja)
  9203 | Abyss:2  | Identified a scroll of acquirement
  9203 | Abyss:2  | Identified the ring of Heresy {rC+ MR+ Str+2} (You acquired
                  | it on level 2 of the Abyss)
  9265 | Abyss:2  | Noticed a tentacled starspawn
  9303 | Abyss:2  | Noticed a wretched star
  9313 | Abyss:2  | Noticed a green ugly thing
  9313 | Abyss:2  | Noticed a green ugly thing
  9313 | Abyss:2  | Noticed a green very ugly thing
  9313 | Abyss:2  | Noticed a green ugly thing
  9314 | Abyss:2  | Noticed a green very ugly thing
  9368 | Abyss:2  | Killed a brown very ugly thing
  9381 | Abyss:2  | Killed a green very ugly thing
  9381 | Abyss:2  | Reached XP level 12. HP: 37/99 MP: 2/8
  9420 | Abyss:2  | Noticed a tentacled starspawn
  9421 | Abyss:2  | HP: 4/88 [orange demon (4)]
  9426 | Abyss:2  | HP: 4/88 [purple ugly thing (1)]
  9429 | Abyss:2  | Slain by an orange demon

Levels and vault maps discovered:
D:1:      roderic_crop_circles_arrival_small, layout_basic
D:2:      minmay_spotlight, layout_loops_ring, nicolae_ru_the_path_less_chosen,
          nrook_campfire
D:3:      layout_loops_ring, yredelemnul_altar_generic, grunt_gozag_breadcrumbs,
          serial_glass, glass_columns_c, glass_columns_a, glass_columns_b,
          glass_columns_a, glass_columns_b, glass_columns_b, glass_columns_a,
          glass_columns_b
D:4:      layout_rooms, uniq_edmund, uniq_robin
D:5:      layout_basic, nicolae_overflow_hidden_temple, temple_green,
          first_ration, gammafunk_ghost_necromancy, dk_noncrumbling_4,
          kennysheep_another_room, uniq_grinder, uniq_blork_the_orc,
          uniq_eustachio
D:6:      layout_cave_pods, portal_sewer_entry_e, minmay_misc_feat_rows,
          uniq_menkaure
D:7:      layout_basic, serial_corexii_hall, corexii_hall_statues_i,
          chequers_hall_statues_wall_a, uniq_harold
D:8:      layout_basic, dancing_weapons_uskayaw
D:9:      minmay_goldmine, layout_gridville, kennysheep_little_box,
          chequers_temple_overflow_statue_of_worship, erik_orc_1,
          grunt_ogre_cave, uniq_maurice
D:10:     layout_gridville, minmay_lair_entry_grove
D:11:     layout_basic, xom_teletrap_fun, uniq_urug
Temple:   nicolae_temple_great_sept
Lair:1:   layout_big_grid, uniq_sonja
Abyss:2:  base: D:9, evilmike_abyss_exit_mutagenic,
          guppyfry_abyss_exit_imp_island

Skill      XL: |  1  2  3  4  5  6  7  8  9 10 11 12 |
---------------+-------------------------------------+-----
Polearms       | 4 5 6 7 8 10 11 13 | 13.8
Dodging        | 4 |  4.9
Fighting       | 3 4 5 6 7 9 11 | 11.6
Armour         | 1 2 3 4 7 9 11 | 11.4
Unarmed Combat | 2 4 5 7 8 9 |  9.0
Throwing       | |  2.2
Invocations    | |  0.8
Evocations     | |  0.3

Action                   |  1- 3 |  4- 6 |  7- 9 | 10-12 || total
-------------------------+-------+-------+-------+-------++-------
Melee: Trident           |    98 |    57 |       |       ||   155
       Headbutt          |    24 |    16 |    54 |   111 ||   205
       Spear             |       |    70 |   299 |   525 ||   894
       Punch             |       |       |     6 |    17 ||    23
Throw: Throwing net      |       |     5 |       |     1 ||     6
Invok: Elemental Force   |       |       |       |     1 ||     1
Evoke: Wand              |       |       |       |     1 ||     1
       Phial of floods   |       |       |       |     1 ||     1
       Tin of tremorston |       |       |       |     1 ||     1
  Use: Potion            |       |     5 |     3 |    10 ||    18
       Scroll            |       |     9 |     7 |    12 ||    28
 Stab: Sleeping          |     1 |     1 |       |       ||     2
       Invisible         |       |     2 |       |     3 ||     5
  Eat: Chunk             |     2 |     1 |     6 |    11 ||    20
       Ration            |       |     1 |     1 |     1 ||     3
Armor: Leather armour    |    16 |    21 |       |       ||    37
       Chain mail        |       |       |    95 |    20 ||   115
       Plate armour      |       |       |       |   152 ||   152
       Skin              |       |       |       |     5 ||     5
Dodge: Dodged            |    75 |    70 |    77 |   153 ||   375
       Deflected         |       |       |       |     2 ||     2
Block: Other             |       |       |     8 |    64 ||    72

Table legend:
 A = Non-vault XP
 B = Vault XP
 C = Vault XP percentage of total XP
 D = Non-vault monster count
 E = Vault monster count
 F = Vault count percentage of total count
                 A         B        C        D         E       F
            +---------+---------+-------+---------+---------+-------
      Total |   17025 |    6219 |  26.8 |     214 |      81 |  27.5
            +---------+---------+-------+---------+---------+-------
        D:1 |      30 |       0 |   0.0 |      16 |       0 |   0.0
        D:2 |      25 |      20 |  44.4 |      13 |       7 |  35.0
        D:3 |     146 |       0 |   0.0 |      26 |       0 |   0.0
        D:4 |     441 |     200 |  31.2 |      13 |      12 |  48.0
        D:5 |     402 |     757 |  65.3 |      15 |       6 |  28.6
        D:6 |     802 |     157 |  16.4 |      20 |       1 |   4.8
        D:7 |     550 |     970 |  63.8 |      18 |       1 |   5.3
        D:8 |    1353 |       0 |   0.0 |      22 |       0 |   0.0
        D:9 |    1441 |    1368 |  48.7 |      20 |      30 |  60.0
       D:10 |    1705 |    1774 |  51.0 |      16 |      12 |  42.9
       D:11 |    4186 |     851 |  16.9 |      20 |       1 |   4.8
     Lair:1 |     663 |       0 |   0.0 |       4 |       0 |   0.0
    Abyss:2 |    5281 |       0 |   0.0 |      11 |       0 |   0.0
      Sewer |       0 |     122 | 100.0 |       0 |      11 | 100.0
            +---------+---------+-------+---------+---------+-------
